 Dungeon Crawl Stone Soup version 0.25-a0-97-g19cdb01801 (webtiles) character file.

Game seed: 14819446871388966392, levelgen mode: deterministic

7983 Lanoc the Thrower (level 11, -2/107 HPs)
             Began as a Troll Hunter on Nov 12, 2019.
             Was a High Priest of Okawaru.
             Slain by a two-headed ogre
             ... wielding a +0 giant spiked club
              (11 damage)
             ... on level 9 of the Dungeon.
             The game lasted 00:21:43 (7678 turns).

Lanoc the Thrower (Troll Hunter)                    Turns: 7678, Time: 00:21:44

Health: -2/107     AC: 10    Str: 22    XL:     11   Next: 3%
Magic:  24/24      EV: 13    Int:  7    God:    Okawaru [*****.]
Gold:   476        SH:  0    Dex: 13    Spells: 10/10 levels left

rFire    + . .     SeeInvis .   p - +5 trident (curse)
rCold    . . .     Gourm    +   (no shield)
rNeg     + . .     Faith    .   M - +2 robe {rN+}
rPois    .         Spirit   .   (helmet restricted)
rElec    .         Reflect  .   m - +0 cloak
rCorr    .         Harm     .   (gloves unavailable)
MR       .....     Clarity  +   (boots unavailable)
Stlth    +.........             (no amulet)
HPRegen  0.67/turn              y - ring of magical power
MPRegen  0.19/turn              (no ring)

@: no status effects
A: large, unfitting armour, claws 3, clarity, fire resistance 1, fast metabolism
3, gourmand, high mp 1, regeneration 1, shaggy fur 2, tough skin 3
a: Heroism, Finesse, Renounce Religion


You were on level 9 of the Dungeon.
You worshipped Okawaru.
Okawaru was extremely pleased with you.
You were completely stuffed.

You visited 2 branches of the dungeon, and saw 11 of its levels.
You also visited: Sewer.

You collected 476 gold pieces.

Inventory:

Hand Weapons
 p - a cursed +5 trident (weapon)
 L - a +2 whip of electrocution
Missiles
 c - 2 large rocks
 d - 2 throwing nets
 x - a curare-tipped dart
 D - 23 poisoned darts (quivered)
 E - 3 boomerangs
Armour
 m - a +0 cloak (worn)
 M - a +2 robe of positive energy (worn)
Jewellery
 y - a ring of magical power (left claw)
Wands
 e - a wand of iceblast (10)
 o - a wand of random effects (24)
 A - a wand of flame (19)
 B - a wand of digging (11)
 C - a wand of clouds (4)
 J - a wand of polymorph (8)
Scrolls
 a - 7 scrolls of teleportation
 b - a scroll of identify
 h - 4 scrolls of magic mapping
 i - a scroll of noise {unknown}
 k - 2 scrolls of immolation {unknown}
 n - a scroll of blinking {unknown}
 q - a scroll of amnesia
 r - 5 scrolls of remove curse {unknown}
 w - 2 scrolls of enchant armour {unknown}
 z - a scroll of enchant weapon
 F - a scroll of fog
Potions
 g - 2 potions of haste
 j - a potion of lignification
 l - a potion of ambrosia
 s - a potion of mutation
 u - 2 potions of might
 v - a potion of magic
 I - a potion of flight
Comestibles
 f - 26 rations
 t - 3 chunks of flesh


   Skills:
 + Level 6.9 Fighting
 * Level 10.9 Throwing
 + Level 6.9 Dodging
 - Level 0.3 Stealth
 + Level 5.4 Invocations


You had 10 spell levels left.
You didn't know any spells.
Your spell library was empty.

Dungeon Overview and Level Annotations

Branches:
Dungeon (10/15)            Temple (1/1) D:6           Sewer (visited)
   Lair: D:8-11         Orc: D:9-12

Altars:
Ashenzari
Dithmenos
Elyvilon
Okawaru
Qazlal
Ru
Sif Muna
Uskayaw
Vehumet

Shops:
D:6 [


Innate Abilities, Weirdness & Mutations

You are too large for most types of armour.
You have claws for hands.
Your metabolism is lightning-fast.
You like to eat raw meat.
Your natural rate of healing is unusually fast.
You are covered in thick fur. (AC +2)
You have extremely tough skin. (AC +3)
You possess an exceptional clarity of mind.
Your flesh is heat resistant. (rF+)
You have an increased reservoir of magic. (+10% MP)


Message History

Throwing (i - inventory. (/) - cycle)
D - 25 poisoned darts (quivered)
Press: ? - help, Shift-Dir - straight line, f/p - two-headed ogre
Aim: a two-headed ogre, wielding a +0 giant spiked club and a +0 giant club (moderately wounded, poisoned)
You throw a poisoned dart.
The poisoned dart barely misses the two-headed ogre.
The two-headed ogre hits you with a +0 giant spiked club!!
* * * LOW HITPOINT WARNING * * *
The two-headed ogre hits you with a +0 giant club.
* * * LOW HITPOINT WARNING * * *
Throwing (i - inventory. (/) - cycle)
D - 24 poisoned darts (quivered)
Press: ? - help, Shift-Dir - straight line, f/p - two-headed ogre
Aim: a two-headed ogre, wielding a +0 giant spiked club and a +0 giant club (moderately wounded, poisoned)
You throw a poisoned dart.
The poisoned dart hits the two-headed ogre!
The two-headed ogre looks as sick as possible!
The two-headed ogre is moderately wounded.
The two-headed ogre hits you with a +0 giant spiked club!!
* * * LOW HITPOINT WARNING * * *
The two-headed ogre hits you with a +0 giant club!
You die...

#.# ≈ #.# P≈≈
##.#♣P≈≈≈
##..P≈≈P≈♣
#..P♣≈≈≈≈≈≈
#.P♣≈≈≈P≈≈≈
#.≈♣≈♣≈≈≈≈≈≈≈≈
#O♣♣≈≈≈≈≈≈≈≈≈ ≈≈≈≈
#@#♣♣≈≈♣≈≈;≈≈≈≈≈≈≈
#.# ≈P≈≈≈P≈≈≈≈≈≈≈≈
#.# #≈♣≈≈♣≈P≈≈≈≈≈
#.# #≈♣≈≈♣≈≈≈≈≈≈
#.######.♣♣♣≈♣♣P♣≈
#........<...≈♣≈P♣
########......)#.#
#.........#
#.......###


You could see a two-headed ogre.

Vanquished Creatures
  Erolcha (D:9)
  A wizard (D:9)
  Pikel (D:8)
  An ugly thing (D:9)
  A centaur skeleton (D:9)
  A troll (D:9)
  Grinder (D:5)
  2 wyverns (D:8)
  The ghost of sirdond the Chopper, an amateur DDFi (D:3)
  A water moccasin (D:7)
  An ice beast (D:10)
  Purgy (Sewer)
  A hornet zombie (D:8)
  An eye of draining (D:9)
  A phantom (D:10)
  4 sky beasts
  3 slaves (D:8)
  3 black bears (D:9)
  4 ogres
  A necrophage (D:9)
  2 small abominations
  A centaur (D:6)
  A big kobold (D:8)
  11 bullfrogs
  A water moccasin zombie (D:7)
  A wyvern skeleton (D:7)
  4 scorpions
  6 killer bees (D:8)
  4 wights
  4 electric eels (D:9)
  A crimson imp (D:7)
  A quasit (D:6)
  A bullfrog zombie (D:10)
  A centaur zombie (D:6)
  4 hounds
  A gnoll shaman (D:9)
  2 jellies
  6 orc priests
  A bullfrog skeleton (D:8)
  5 iguanas
  6 orc wizards
  7 worker ants
  A hound zombie (D:6)
  A hound skeleton (D:4)
  A howler monkey zombie (D:9)
  2 howler monkey skeletons
  5 gnolls (D:9)
  20 adders
  A river rat (D:5)
  A shadow imp (D:10)
  2 adder skeletons
  A worm (D:3)
  2 dart slugs
  A leopard gecko (D:9)
  18 orcs
  9 bats
  4 giant cockroaches
  5 goblins
  7 hobgoblins
  23 jackals
  7 kobolds
  4 quokkas
  9 ball pythons
  6 frilled lizards
  2 leopard gecko skeletons
  A quokka skeleton (D:7)
  A quokka zombie (D:6)
  10 rats
  A plant (D:9)
247 creatures vanquished.

Vanquished Creatures (others)
  A slave (D:8)
  A crimson imp (D:8)
  An adder zombie (D:8)
  A fungus (D:9)
  16 plants (D:9)
20 creatures vanquished.

Grand Total: 267 creatures vanquished

Notes
Turn   | Place    | Note
-------+----------+-------------------------------------------
     0 | D:1      | Lanoc the Troll Hunter began the quest for the Orb.
     0 | D:1      | Reached XP level 1. HP: 19/19 MP: 0/0
   157 | D:1      | Reached XP level 2. HP: 28/28 MP: 1/1
   233 | D:1      | Reached skill level 4 in Throwing
   398 | D:2      | Reached XP level 3. HP: 32/35 MP: 2/2
   433 | D:2      | Found an iron altar of Okawaru.
   459 | D:2      | Became a worshipper of Warmaster Okawaru
   477 | D:2      | Found a shattered altar of Ashenzari.
   612 | D:2      | Reached XP level 4. HP: 42/42 MP: 3/3
   735 | D:3      | Reached XP level 5. HP: 42/50 MP: 4/4
   765 | D:3      | Found a shadowy altar of Dithmenos.
   778 | D:3      | Reached skill level 5 in Throwing
   789 | D:3      | Reached * piety under Okawaru
   789 | D:3      | Reached XP level 6. HP: 30/59 MP: 5/5
  1239 | D:3      | Found a runed translucent door.
  1246 | D:3      | Noticed sirdond's ghost (amateur DDFi)
  1266 | D:3      | Killed sirdond's ghost
  1266 | D:3      | Reached skill level 6 in Throwing
  1266 | D:3      | Reached XP level 7. HP: 36/67 MP: 6/6
  1956 | D:5      | Entered Level 5 of the Dungeon
  2020 | D:5      | Found a glowing drain.
  2040 | Sewer    | Entered a sewer
  2061 | Sewer    | Noticed Purgy
  2074 | Sewer    | Killed Purgy
  2074 | Sewer    | Reached ** piety under Okawaru
  2330 | D:5      | Noticed Grinder
  2338 | D:5      | Killed Grinder
  2338 | D:5      | Reached skill level 7 in Throwing
  2338 | D:5      | Reached XP level 8. HP: 61/78 MP: 7/7
  2461 | D:5      | Found a shimmering blue altar of Sif Muna.
  2683 | D:6      | Found a white marble altar of Elyvilon.
  2732 | D:6      | Reached *** piety under Okawaru
  2800 | D:6      | Reached skill level 1 in Invocations
  3007 | D:6      | Found a staircase to the Ecumenical Temple.
  3028 | D:6      | Reached skill level 8 in Throwing
  3046 | Temple   | Entered the Ecumenical Temple
  3196 | D:6      | Reached skill level 5 in Dodging
  3331 | D:6      | Reached XP level 9. HP: 60/87 MP: 9/9
  3567 | D:6      | Found Ustre's Armour Shop.
  3955 | D:7      | Reached skill level 5 in Fighting
  4179 | D:7      | Found a sacrificial altar of Ru.
  4402 | D:7      | Found a hide-covered altar of Uskayaw.
  4585 | D:8      | Reached **** piety under Okawaru
  4818 | D:8      | Reached skill level 9 in Throwing
  5272 | D:8      | Noticed Pikel
  5278 | D:8      | Killed Pikel
  5278 | D:8      | Received a gift from Okawaru
  5413 | D:8      | Reached XP level 10. HP: 84/98 MP: 11/11
  5698 | D:8      | Reached ***** piety under Okawaru
  6075 | D:9      | Noticed Erolcha
  6075 | D:9      | Paralysed by Erolcha for 5 turns
  6082 | D:9      | Killed Erolcha
  6082 | D:9      | Received a gift from Okawaru
  6082 | D:9      | Reached skill level 10 in Throwing
  6302 | D:9      | Noticed a green ugly thing
  6317 | D:9      | Killed a green ugly thing
  6631 | D:9      | Received a gift from Okawaru
  6631 | D:9      | Reached skill level 5 in Invocations
  6736 | D:9      | Noticed a wizard
  6745 | D:9      | Killed a wizard
  6919 | D:10     | Entered Level 10 of the Dungeon
  7014 | D:10     | Received a gift from Okawaru
  7027 | D:10     | Gained mutation: You have an increased reservoir of magic.
                  | (+10% MP) [potion of mutation]
  7027 | D:10     | Gained mutation: Your flesh is heat resistant. (rF+)
                  | [potion of mutation]
  7027 | D:10     | Gained mutation: You possess an exceptional clarity of
                  | mind. [potion of mutation]
  7027 | D:10     | Gained mutation: You are covered in thick fur. (AC +2)
                  | [potion of mutation]
  7041 | D:10     | HP: 3/100 [something (9)]
  7438 | D:9      | Found a stormy altar of Qazlal.
  7478 | D:9      | Reached XP level 11. HP: 18/107 MP: 1/15
  7650 | D:9      | Noticed a two-headed ogre
  7678 | D:9      | Slain by a two-headed ogre

Levels and vault maps discovered:
D:1:      dpeg_arrival_three_same_balls, layout_basic
D:2:      kennysheep_big_flooded_room, layout_basic,
          nicolae_overflow_hidden_temple, kennysheep_okawaru_gauntlet
D:3:      layout_loops_ring, lemuel_crystal_altar, ebering_ghost_sewer_d,
          corexii_hall_statues_x
D:4:      layout_cave_pools, first_ration
D:5:      layout_cave_pools, lemuel_round_altar, portal_sewer_entry_e,
          uniq_grinder
D:6:      layout_layer_cave, old_standard_altar, minmay_temple_entry_tees,
          serial_shops, nicolae_shop_behind_doors
D:7:      layout_loops_ring, lemuel_round_altar,
          nicolae_ru_great_annihilating_truth
D:8:      cheibrodos_barr_body, layout_loops_corners, blue_anna_alchemist
          [blue_anna_fruit_fields, blue_anna_fruit_fields], uniq_pikel
D:9:      layout_small_grid, kennysheep_mini_moat, marbit_many_paths,
          grunt_lair_entry_orc_guard_hut, serial_bayou, serial_bayou_lagoon_b,
          serial_bayou_lagoon_a, serial_bayou_pond_b, serial_bayou_lake_a,
          laboratory, uniq_erolcha
D:10:     layout_roguey, chequers_serial_rivers_marsh, eino_jars, uniq_joseph
Temple:   dshaligram_water_room_temple

Skill      XL: |  1  2  3  4  5  6  7  8  9 10 |
---------------+-------------------------------+-----
Throwing       | 4 5 6 7 8 9 10 | 10.9
Fighting       | 2 3 4 5 6 |  6.9
Dodging        | 2 3 4 5 6 |  6.9
Invocations    | 2 3 5 |  5.4
Stealth        | |  0.3

Action                   |  1- 3 |  4- 6 |  7- 9 | 10-12 || total
-------------------------+-------+-------+-------+-------++-------
Melee: Unarmed           |    62 |    42 |       |       ||   104
       Trident           |       |    81 |   376 |   221 ||   678
Throw: Javelin           |    11 |    13 |    46 |    54 ||   124
       Large rock        |       |    10 |    12 |    10 ||    32
       Dart              |       |       |       |    31 ||    31
       Throwing net      |       |       |       |     3 ||     3
  Use: Scroll            |       |       |     7 |     7 ||    14
       Potion            |       |       |     1 |     6 ||     7
 Stab: Sleeping          |       |     1 |     4 |     1 ||     6
       Distracted        |       |       |     1 |       ||     1
       Paralysed         |       |       |     1 |       ||     1
  Eat: Chunk             |    11 |     6 |    40 |    22 ||    79
Armor: Robe              |    33 |    55 |   168 |   134 ||   390
Dodge: Dodged            |    36 |    79 |   318 |   183 ||   616

Table legend:
 A = Non-vault XP
 B = Vault XP
 C = Vault XP percentage of total XP
 D = Non-vault monster count
 E = Vault monster count
 F = Vault count percentage of total count
                 A         B        C        D         E       F
            +---------+---------+-------+---------+---------+-------
      Total |    7102 |    4303 |  37.7 |     194 |      49 |  20.2
            +---------+---------+-------+---------+---------+-------
        D:1 |      26 |       0 |   0.0 |      15 |       0 |   0.0
        D:2 |      62 |       9 |  12.7 |       8 |       4 |  33.3
        D:3 |     388 |     324 |  45.5 |      45 |       4 |   8.2
        D:4 |     283 |       0 |   0.0 |      19 |       0 |   0.0
        D:5 |      58 |     282 |  82.9 |       4 |       9 |  69.2
        D:6 |    1232 |       0 |   0.0 |      24 |       0 |   0.0
        D:7 |     611 |       5 |   0.8 |      14 |       4 |  22.2
        D:8 |    1671 |    1032 |  38.2 |      28 |      10 |  26.3
        D:9 |    2322 |    2362 |  50.4 |      31 |       9 |  22.5
       D:10 |     449 |     115 |  20.4 |       6 |       1 |  14.3
      Sewer |       0 |     174 | 100.0 |       0 |       8 | 100.0
            +---------+---------+-------+---------+---------+-------
